 Dungeon Crawl Stone Soup version 0.27-a0-1123-g2f9bb313c0 (webtiles) character file.

Game seed: 18026191180023301541

7 Umoon the Sneak (level 1, -1/13 HPs)
             Began as a Vampire Delver on May 4, 2021.
             Splashed by a jelly's acid (10 damage)
             ... on level 4 of the Dungeon.
             The game lasted 00:00:50 (327 turns).

Umoon the Sneak (Vampire Delver)                     Turns: 327, Time: 00:00:51

Health: -1/13      AC:  6    Str: 11    XL:     1   Next: 91%
Magic:  1/1        EV:  9    Int: 12    God:
Gold:   6          SH:  0    Dex: 15    Spells: 0/0 levels left

rFire    . . .     SeeInvis +   a - +0 short sword
rCold    + + .     Faith    .   (no shield)
rNeg     + + +     Spirit   .   d - +0 scale mail
rPois    ∞         Reflect  .   (no helmet)
rElec    .         Harm     .   (no cloak)
rCorr    .         Rampage  .   (no gloves)
Will     .....                  (no boots)
Stlth    ++++......             (no amulet)
HPRegen  0.00/turn              (no ring)
MPRegen  0.07/turn              (no ring)

@: bloodless
A: bloodless, fangs 3, see invisible, unbreathing 1, vampiric 1
a: Revivify


You were on level 4 of the Dungeon.
You visited 1 branch of the dungeon, and saw 2 of its levels.

You collected 6 gold pieces.

Inventory:

Hand Weapons
 a - a +0 short sword (weapon)
Armour
 b - a +0 leather armour
 d - a +0 scale mail (worn)
Wands
 g - a wand of digging (3)
Scrolls
 c - a scroll of fog
 e - a scroll of fear
 h - a scroll of immolation {unknown}
Potions
 f - a potion of haste


   Skills:
 + Level 2.7 Fighting
 + Level 2.3 Short Blades
 + Level 0.2 Armour
 + Level 2.3 Dodging
 * Level 7.4 Stealth


You couldn't memorise any spells.
You didn't know any spells.
Your spell library was empty.

Dungeon Overview and Level Annotations

Branches:
Dungeon (5/15)
 Temple: D:4-7

Altars:


Innate Abilities, Weirdness & Mutations

You do not regenerate when monsters are visible.
You are frail without blood (-20% HP).
You can heal yourself when you bite living creatures.
You are immune to poison.
You have razor-sharp teeth.
You have supernaturally acute eyesight. (SInv)
You can survive without breathing.
You are afflicted with vampirism.


Message History

You hit the kobold.
The kobold is heavily wounded.
The kobold barely misses you.
You hit the kobold.
You kill the kobold!
No target in view!
No target in view!
You start resting.
HP restored.
Things that are here:
a +0 club; 2 poisoned darts
There is a stone staircase leading down here.
A dart slug comes into view.
A dart slug is nearby!
The dart slug launches a dart at you. The slug dart misses you.
Found a runed whip.
The dart slug launches a dart at you. The slug dart hits you.
A jelly comes into view.
Found a smoky golden potion.
The dart slug barely misses you.
You hit the dart slug.
The dart slug is lightly wounded.
The jelly quivers.
The dart slug barely misses you.
You hit the dart slug.
The dart slug is heavily wounded.
The dart slug bites you but does no damage.
You hit the dart slug.
The dart slug is severely wounded.
Your scale mail prevents you from hitting the dart slug.
You bite the dart slug.
The dart slug is almost dead.
The dart slug barely misses you.
You hit the dart slug.
You kill the dart slug!
The jelly hits you.
You are splashed with acid!
Ouch! That really hurt!
You die...

#..................
............#......
............#......
###########........
...............
...............
..........##...
..........# ..
........@.# .
.........J......
...............#
##........#+####
.........).
............
........##!..
......... #..#


You could see a jelly.

Vanquished Creatures
  2 dart slugs (D:4)
  A kobold (D:4)
  A ball python (D:4)
4 creatures vanquished.

Notes
Turn   | Place    | Note
-------+----------+-------------------------------------------
     0 | D:5      | Umoon the Vampire Delver began the quest for the Orb.
     0 | D:5      | Reached XP level 1. HP: 17/17 MP: 1/1
   320 | D:4      | Noticed a jelly
   327 | D:4      | Splashed by a jelly's acid

Illustrated notes

Levels and vault maps discovered:
D:4:      layout_basic, kennysheep_path_1, minmay_statues_item,
          minmay_crossroads
D:5:      layout_loops_cross, kennysheep_okawaru_gauntlet, marbit_many_paths,
          nicolae_uskayaw_en_pointe, portal_sewer_entry_d, grunt_ministairs_7,
          minmay_misc_feat_room, minmay_misc_feat_columns, uniq_duvessa

Action                   || total
-------------------------++-------
Melee: Short sword       ||    17
       Bite              ||     1
 Abil: Exsanguinate      ||     1
  Use: Scroll            ||     1
Armor: Scale mail        ||     4
Dodge: Dodged            ||    11

Table legend: (Time is in decaauts)
 A = Elapsed time spent in this place.
 B = Non-inter-level travel time spent in this place.
 C = Inter-level travel time spent in this place.
 D = Time resting spent in this place.
 E = Time spent auto-exploring this place.
 F = Levels seen in this place.
 G = Mean time per level.
                   A        B        C        D        E       F      G
               +--------+--------+--------+--------+--------+-----+--------+
         Total |    327 |    327 |      0 |    113 |    130 |   2 |  163.5 |
       Dungeon |    327 |    327 |      0 |    113 |    130 |   2 |  163.5 |
               +--------+--------+--------+--------+--------+-----+--------+

Top non-repeatable levels by time:
     D:4: 318 daAuts
     D:5: 9 daAuts
